 Dungeon Crawl Stone Soup version 0.30.1-11-g7821555f0a (webtiles) character file.

Game seed: 1985048553145498567

17635 Ijustatesigmund the Geomancer (level 12, -3/68 HPs)
             Began as a Gargoyle Earth Elementalist on Nov 16, 2023.
             Was a High Priest of Cheibriados.
             Killed from afar by Azrael (36 damage)
             ... with a bolt of fire
             ... on level 12 of the Dungeon on Nov 17, 2023.
             The game lasted 00:29:21 (16158 turns).

Ijustatesigmund the Geomancer (GrEE)               Turns: 16158, Time: 00:29:21

Health: -3/68      AC: 14    Str: 25    XL:     12   Next: 50%
Magic:  25/25      EV: 12    Int: 32    God:    Cheibriados [*****.]
Gold:   577        SH:  0    Dex: 22    Spells: 26/30 levels left

rFire   . . .        D - +4 dire flail (freeze)
rCold   . . .        (shield currently unavailable)
rNeg    + . .        a - +1 robe "Bota" {rPois rC- Regen+ Slay+4}
rPois   ∞            E - +0 hat {Will+}
rElec   +            w - +0 cloak
rCorr   .            C - +1 pair of gloves {hurl}
SInv    .            (no boots)
Will    +....        x - amulet of regeneration
Stlth   ++           (no ring)
HPRegen 1.91/turn    (no ring)
MPRegen 0.19/turn

%: no passive effects
@: marked, very slow
A: sickness immunity, AC +8, negative energy resistance 1, electricity
resistance, torment resistance 1, petrification resistance, cold resistance 1
a: Renounce Religion, Bend Time, Temporal Distortion, Slouch, Step From Time


You were on level 12 of the Dungeon.
You worshipped Cheibriados.
Cheibriados was extremely pleased with you.
You visited 2 branches of the dungeon, and saw 13 of its levels.
You also visited: Sewer.

You collected 685 gold pieces.
You spent 108 gold pieces at shops.

Inventory:

Hand Weapons
 e - a +0 morningstar
 D - a +4 dire flail of freezing (weapon)
Missiles
 s - 5 throwing nets
Armour
 a - the +1 robe "Bota" (worn) {rPois rC- Regen+ Slay+4}
   (You bought it in a shop on level 3 of the Dungeon)

   Slay:      It affects your accuracy & damage with ranged weapons and melee
   (+4).
   rC:        It makes you vulnerable to cold.
   rPois:     It protects you from poison.
   Regen:     It increases your rate of health regeneration.
 w - a +0 cloak (worn)
 C - a +1 pair of gloves of hurling (worn)
 E - a +0 hat of willpower (worn)
Jewellery
 x - an amulet of regeneration (around neck)
 y - an amulet of magic regeneration
Wands
 k - a wand of roots (15)
 o - a wand of polymorph (8)
 z - a wand of mindburst (2)
 G - a wand of digging (5)
 H - a wand of flame (2)
Scrolls
 l - 4 scrolls of immolation
 m - a scroll of summoning
 q - 2 scrolls of fear
 t - 3 scrolls of blinking
 u - 3 scrolls of teleportation
 v - a scroll of magic mapping
 B - 2 scrolls of amnesia
 F - a scroll of fog
Potions
 b - a potion of magic
 c - 2 potions of resistance
 d - a potion of mutation
 f - 2 potions of brilliance
 g - a potion of might
 h - 2 potions of lignification
 i - 4 potions of curing
 j - a potion of ambrosia
 n - 3 potions of invisibility
 p - 3 potions of heal wounds
 r - 2 potions of attraction
 A - a potion of cancellation


   Skills:
 - Level 5.1 Fighting
 + Level 3.4 Maces & Flails
 - Level 1.5 Dodging
 - Level 2.1 Stealth
 + Level 9.6 Spellcasting
 + Level 11.5 Conjurations
 - Level 0.7 Transmutations
 + Level 12.6 Earth Magic
 + Level 7.9 Invocations
 + Level 1.0 Evocations


You had 26 spell levels left.
You knew the following spells:

 Your Spells              Type           Power      Damage    Failure   Level
a - Sandblast             Erth           100%       2d20      1%          1
b - Stone Arrow           Conj/Erth      100%       3d13      1%          3

Your spell library contained the following spells:

 Spells                   Type           Power      Damage    Failure   Level
 Passwall                 Tmut/Erth      45%        N/A       1%          2
 Hailstorm                Conj/Ice       51%        3d11      1%          3
 Petrify                  Tmut/Erth      55%        N/A       1%          4
 Necrotise                Necr           60%        1d7       3%          1
 Slow                     Hex            60%        N/A       3%          1
 Ensorcelled Hibernation  Hex/Ice        30%        N/A       4%          2
 Confusing Touch          Hex            15%        N/A       10%         3
 Gell's Gravitas          Tloc           15%        N/A       10%         3
 Swiftness                Air            15%        N/A       10%         3
 Teleport Other           Tloc           15%        N/A       10%         3
 Vampiric Draining        Necr           15%        2d7       10%         3
 Ice Form                 Ice/Tmut       17%        N/A       26%         4
 Agony                    Necr           15%        N/A       65%         5
 Dispersal                Tloc           7%         N/A       99%         6
 Simulacrum               Ice/Necr       7%         N/A       99%         6


Dungeon Overview and Level Annotations

Branches:
Dungeon (12/15)            Temple (1/1) D:4            Lair (0/5) D:9
    Orc (0/2) D:9           Sewer (visited)

Altars:
Ashenzari
Cheibriados
Dithmenos
Elyvilon
Fedhas
Gozag
Hepliaklqana
Kikubaaqudgha
Makhleb
Nemelex Xobeh
Okawaru
Qazlal
Ru
Sif Muna
Trog
Uskayaw
Vehumet
Wu Jian
Xom
Yredelemnul
Zin
The Shining One

Shops:
D:3 [   D:10 [

Portals:
Trove: D:12 (give +6 demon trident)

Annotations:
D:5 2 transporters
D:12 Azrael


Innate Abilities, Weirdness & Mutations

You are immune to sickness and miasma.
Your stone body is resilient. (AC +8)
You are immune to poison.
You resist negative energy. (rN+)
You are resistant to electric shocks. (rElec)
You are resistant to unholy torment.
You are immune to petrification.
Your flesh is cold resistant. (rC+)


Message History

There is an escape hatch in the floor here.
There is an escape hatch in the floor here.
Found a stone staircase leading up.
A sourceless malevolence fills the Dungeon...
With a horrendous wail, an alarm goes off!
A sentinel's mark forms upon you.
You hear a bark! x2; You hear a shout! x6
H - a wand of flame (2)
A hell hound comes into view.
A fire elemental comes into view.
A hell hound comes into view.
A fire elemental comes into view.
The hell hound barely misses you.
Azrael the Boundless Flame comes into view.
He is wielding a +3 scimitar of flaming.
The hell hound breathes flames at you. The blast of flame hits you!
The hell hound closely misses you.
The hell hound attacks as you move away!
The hell hound closely misses you.
The hell hound pauses to sniff the ground.
Azrael gestures at you. The bolt of fire hits you!!
The hell hound completely misses you. The fire elemental hits you.
The fire elemental burns you!
* * * LOW HITPOINT WARNING * * *
The hell hound breathes flames at you.
The blast of flame hits the hell hound.
The hell hound completely resists.
The blast of flame hits you!
* * * LOW HITPOINT WARNING * * *
The hell hound barely misses you. The fire elemental hits you.
The fire elemental burns you!
* * * LOW HITPOINT WARNING * * *
There is a stone staircase leading up here.
You feel much better.
The hell hound bites you but does no damage.
The fire elemental barely misses you.
A hell hound comes into view.
The hell hound bites you. x2; The fire elemental misses you.
Azrael gestures at you.
The bolt of fire hits the hell hound.
The hell hound completely resists.
The bolt of fire hits you!!!
Ouch! That really hurt!
You die...

#######..#
#.°######. #..#
#.°# #..# #.h# #..#
#.E######..
#..######.○....☼...
..........E...R..##
.............°...#
#####.....hh.....#
#.....@E.....#
#............#
#............#
##############


You could see Azrael, 3 fire elementals and 3 hell hounds.

Vanquished Creatures
  Gastronok (D:12)
  3 two-headed ogres
  Nergalle (D:10)
  A wizard (D:12)
  A cyclops (D:11)
  3 gargoyles
  3 trolls
  A hornet (D:8)
  2 wraiths
  A shadow (D:11)
  28 yaks
  A fire elemental (D:12)
  A wyvern (D:11)
  11 vampire mosquitoes
  A steam dragon (D:9)
  2 water moccasins
  An acid dragon (D:12)
  5 orc warriors
  3 ice beasts
  A sky beast (D:7)
  2 black bears
  An ogre (D:6)
  4 centaurs
  6 kobold brigands
  3 phantoms
  3 bullfrogs
  2 gnoll sergeants (D:9)
  5 scorpions
  15 wights
  6 killer bees (D:9)
  2 howler monkeys
  7 orc priests
  4 hounds
  2 jellies (D:7)
  2 sleepcaps (D:4)
  3 gnoll boudas
  4 iguanas
  14 orc wizards
  24 gnolls
  11 adders
  2 white imps (D:8)
  An ufetubus (D:6)
  3 worms (D:2)
  3 dart slugs
  50 orcs
  7 endoplasms
  9 giant cockroaches
  10 goblins
  14 hobgoblins
  2 jackals (Sewer)
  5 quokkas
  10 ball pythons
  5 bats
  7 frilled lizards
  40 kobolds
  8 rats
367 creatures vanquished.

Vanquished Creatures (collateral kills)
  A jackal (Sewer)
1 creature vanquished.

Vanquished Creatures (others)
  A kobold (D:9)
1 creature vanquished.

Grand Total: 369 creatures vanquished

Notes
Turn   | Place    | Note
-------+----------+-------------------------------------------
     0 | D:1      | Ijustatesigmund the Gargoyle Earth Elementalist began the
                  | quest for the Orb.
     0 | D:1      | Reached XP level 1. HP: 10/10 MP: 3/3
   160 | D:1      | Reached skill level 4 in Earth Magic
   160 | D:1      | Reached XP level 2. HP: 15/15 MP: 3/5
   571 | D:1      | Reached XP level 3. HP: 20/20 MP: 4/6
   574 | D:1      | Reached skill level 1 in Fighting
   919 | D:2      | Learned a level 3 spell: Stone Arrow
  1535 | D:2      | Reached skill level 1 in Conjurations
  1535 | D:2      | Reached XP level 4. HP: 25/25 MP: 3/8
  1961 | D:3      | Noticed a water elemental
  1964 | D:3      | Found a stormy altar of Qazlal.
  1966 | D:3      | Noticed an air elemental
  1966 | D:3      | Noticed a fire elemental
  1966 | D:3      | Noticed an earth elemental
  2226 | D:3      | Found a glowing drain.
  2232 | Sewer    | Entered a sewer
  2299 | Sewer    | Noticed a water moccasin
  2306 | Sewer    | Killed a water moccasin
  2307 | Sewer    | Reached skill level 1 in Maces & Flails
  2307 | Sewer    | Reached XP level 5. HP: 15/30 MP: 3/9
  2642 | D:3      | Found Duigoisy's Antique Armour Shoppe.
  2655 | D:3      | Bought a crude robe for 108 gold pieces
  2655 | D:3      | Identified the +1 robe "Bota" {rPois rC- Regen+ Slay+4}
                  | (You bought it in a shop on level 3 of the Dungeon)
  2882 | D:3      | Reached skill level 5 in Earth Magic
  3202 | D:4      | Reached XP level 6. HP: 35/35 MP: 7/10
  3334 | D:4      | Found a staircase to the Ecumenical Temple.
  3344 | Temple   | Entered the Ecumenical Temple
  3419 | D:5      | Entered Level 5 of the Dungeon
  4252 | D:4      | Reached XP level 7. HP: 39/39 MP: 8/12
  4338 | D:4      | Found a sparkling altar of Nemelex Xobeh.
  4807 | D:4      | Reached skill level 5 in Conjurations
  4807 | D:4      | Reached skill level 6 in Earth Magic
  5095 | D:4      | Reached XP level 8. HP: 41/44 MP: 4/14
  5454 | D:5      | Noticed a small abomination
  5580 | D:5      | Found a transporter.
  5583 | D:5      | Found a transporter.
  6374 | D:5      | Reached skill level 7 in Earth Magic
  6387 | D:5      | Reached skill level 5 in Spellcasting
  6819 | D:6      | Found a hazy altar of Hepliaklqana.
  6901 | D:6      | Gained mutation: You are somewhat resistant to further
                  | mutation. [potion of mutation]
  6901 | D:6      | Gained mutation: Your body sometimes deteriorates upon
                  | taking damage. [potion of mutation]
  6902 | D:6      | Lost mutation: Your body sometimes deteriorates upon taking
                  | damage. [potion of mutation]
  6902 | D:6      | Lost mutation: You are somewhat resistant to further
                  | mutation. [potion of mutation]
  6902 | D:6      | Gained mutation: Your flesh is cold resistant. (rC+)
                  | [potion of mutation]
  7073 | D:6      | Reached XP level 9. HP: 52/52 MP: 12/16
  7983 | D:6      | Reached skill level 8 in Earth Magic
  8083 | D:6      | Reached skill level 5 in Fighting
  8135 | D:6      | Found the +5 woodcutter's axe
  8502 | D:7      | Found an iron altar of Okawaru.
  8519 | D:7      | Found a broken altar of Ashenzari.
  8519 | D:7      | Found a shimmering blue altar of Sif Muna.
  8520 | D:7      | Found a white marble altar of Elyvilon.
  8520 | D:7      | Found a basalt altar of Yredelemnul.
  8520 | D:7      | Found a sacrificial altar of Ru.
  9571 | D:7      | Reached skill level 9 in Earth Magic
 10095 | D:8      | Reached XP level 10. HP: 45/59 MP: 12/19
 10350 | D:8      | Found a hide-covered altar of Uskayaw.
 10350 | D:8      | Found a snail-covered altar of Cheibriados.
 10353 | D:8      | Became a worshipper of Cheibriados the Contemplative
 10892 | D:8      | Found a glowing silver altar of Zin.
 10892 | D:8      | Found an opulent altar of Gozag.
 10948 | D:8      | Reached skill level 1 in Invocations
 11202 | D:8      | Reached * piety under Cheibriados
 11242 | D:8      | Found a bloodstained altar of Trog.
 11772 | D:9      | Noticed a two-headed ogre
 11777 | D:9      | Killed a two-headed ogre
 11882 | D:9      | Found a radiant altar of Vehumet.
 11933 | D:9      | Reached skill level 10 in Earth Magic
 11979 | D:9      | Found a staircase to the Lair.
 12016 | D:9      | Reached ** piety under Cheibriados
 12221 | D:9      | Found a staircase to the Orcish Mines.
 12314 | D:9      | Found a blossoming altar of Fedhas.
 12326 | D:9      | Reached XP level 11. HP: 56/63 MP: 22/22
 12366 | D:9      | Noticed a two-headed ogre
 12385 | D:9      | Killed a two-headed ogre
 12386 | D:9      | Reached skill level 5 in Invocations
 12392 | D:9      | Reached *** piety under Cheibriados
 12410 | D:9      | Reached skill level 10 in Conjurations
 12603 | D:10     | Entered Level 10 of the Dungeon
 12720 | D:10     | Found Zeaseuweg's Armour Boutique.
 12755 | D:10     | Reached skill level 11 in Earth Magic
 13424 | D:10     | Reached **** piety under Cheibriados
 13541 | D:10     | Noticed Nergalle
 13551 | D:10     | Killed Nergalle
 14338 | D:11     | Noticed a cyclops
 14344 | D:11     | Killed a cyclops
 14994 | D:11     | Reached XP level 12. HP: 66/68 MP: 22/25
 14997 | D:11     | Reached skill level 12 in Earth Magic
 15195 | D:12     | Reached ***** piety under Cheibriados
 15213 | D:12     | Noticed Gastronok
 15223 | D:12     | Killed Gastronok
 15537 | D:12     | Noticed a two-headed ogre
 15545 | D:12     | Killed a two-headed ogre
 15717 | D:12     | Found a portal to a secret trove of treasure.
 16041 | D:12     | Reached skill level 1 in Evocations
 16155 | D:12     | Noticed Azrael
 16158 | D:12     | Killed from afar by Azrael

Illustrated notes

Levels and vault maps discovered:
D:1:      spicycebolla_arrival_ecumenical, layout_basic
D:2:      layout_loops_ring, hangedman_decor_opposing, minmay_pentomino_z2
D:3:      layout_loops_ring, nicolae_qazlal_style_of_elements,
          gup_sewer_entry_pipe, serial_shops, shop, grunt_ministairs_1
D:4:      layout_cave_pools, old_standard_altar, minmay_temple_entry_arrows,
          minmay_misc_feat_nine_boxes, nzn_random_ring
D:5:      layout_basic, gammafunk_ghost_abyssal_escape
D:6:      layout_basic, mainiacjoe_overflow_cross_hatched, serial_corexii_hall,
          corexii_hall_statues_l, corexii_hall_statues_l, dk_noncrumbling_3,
          wad_floor_pattern_untrapped
D:7:      layout_rooms, grunt_temple_overflow_open, minmay_diced_spiral
D:8:      layout_loops_corners, grunt_temple_overflow_gold_and_silver,
          mainiacjoe_overflow_tiny_flanked, gammafunk_temple_overflow_elements
D:9:      layout_rooms, fiery_altar_vehumet,
          mainiacjoe_overflow_six_doors_small, dpeg_oklobed_lair
D:10:     layout_layer_cave, serial_shops, shop, serial_glass, glass_columns_a,
          glass_columns_b, minmay_strange_pillars, feat_on_display,
          due_unseen_surprise, feat_on_display, uniq_nergalle
D:11:     layout_roguey, chequers_serial_rivers_micro_c
D:12:     layout_small_grid, nicolae_trove_entry_isolated, centaur_isle,
          uniq_azrael, uniq_gastronok
Temple:   hellmonk_temple_micro_hex

Skill      XL: |  1  2  3  4  5  6  7  8  9 10 11 12 |
---------------+-------------------------------------+-----
Earth Magic    | 4 5 6 7 9 10 11 12 | 12.6
Fighting       | 1 4 5 |  5.1
Conjurations   | 1 2 3 4 5 6 8 9 10 11 | 11.5
Maces & Flails | 1 2 3 |  3.4
Spellcasting   | 3 4 5 6 7 9 |  9.6
Invocations    | 4 6 7 |  7.9
Evocations     | 1 |  1.0
Dodging        | |  1.5
Stealth        | |  2.1
Transmutations | |  0.7

Action                     |  1- 3 |  4- 6 |  7- 9 | 10-12 || total
---------------------------+-------+-------+-------+-------++-------
  Melee: Club              |    18 |       |       |       ||    18
         Whip              |       |    35 |       |       ||    35
         Flail             |       |    28 |   149 |    91 ||   268
         Punch             |       |       |     1 |     3 ||     4
         Dire flail        |       |       |       |   332 ||   332
   Cast: Sandblast         |    58 |    44 |     2 |     4 ||   108
         Stone Arrow       |       |    11 |   118 |    83 ||   212
  Evoke: Wand              |       |       |       |     7 ||     7
    Use: Scroll            |       |     6 |     8 |    10 ||    24
         Potion            |       |       |     6 |     1 ||     7
   Stab: Sleeping          |       |       |       |     1 ||     1
 Armour: Robe              |    11 |    44 |    98 |   269 ||   422
  Dodge: Dodged            |    19 |    57 |   129 |   383 ||   588
